[Event "ICC tourney 2145 (45 10)"]
[Site "Internet Chess Club"]
[Date "2020.11.21"]
[Round "2"]
[White "Paladin51"]
[Black "mutantpenguin"]
[Result "1-0"]
[ICCResult "Black checkmated"]
[WhiteElo "1607"]
[BlackElo "1342"]
[Opening "Queen's pawn"]
[ECO "A40"]
[NIC "QO.17"]
[Time "14:31:46"]
[TimeControl "2700+10"]

1. d4 e6 2. Nf3 d5 3. e3 Bd6 4. Bd3 Nf6 5. O-O O-O 6. b3 c5 7. Bb2 Nc6 8. a3
b6 9. Nbd2 Bb7 10. c4 Rc8 11. Rc1 h6 12. Re1 Re8 13. Ne5 Bxe5 14. dxe5 Nd7
15. f4 a6 16. Nf3 d4 17. exd4 cxd4 18. Nxd4 Nxd4 19. Bxd4 Kh8 20. Be4 Bxe4
21. Rxe4 Nc5 22. Bxc5 Rxc5 23. Rd4 Qe7 24. Rd7 Qf8 25. Rc2 Ra5 26. a4 b5 27.
Qd2 b4 28. Qd6 Qxd6 29. Rxd6 Rc5 30. Rxa6 Rd8 31. Rd6 Rb8 32. Rcd2 Kh7 33.
Rd8 Rb6 34. R2d6 Rb7 35. R8d7 Rxd7 36. Rxd7 Kg6 37. Rb7 f6 38. exf6 Kxf6 39.
Rxb4 Ke7 40. Rb7+ Kf6 41. g4 g6 42. Rb5 Rc7 43. a5 Ra7 44. b4 Rc7 45. c5 e5
46. fxe5+ Kxe5 47. a6 Ra7 48. Rb6 g5 49. Rxh6 Kf4 50. h3 Kg3 51. Kf1 Rf7+
52. Ke2 Rf2+ 53. Kd3 Rf3+ 54. Kc4 Rf4+ 55. Kb5 Rf7 56. Kb6 Rf8 57. a7 Ra8
58. Kb7 Rxa7+ 59. Kxa7 Kf4 60. c6 Kg3 61. c7 Kh2 62. b5 Kg3 63. b6 Kh2 64.
b7 Kg3 65. b8=Q Kh2 66. c8=Q+ Kg2 67. Qc2+ Kf3 68. Qbb3+ Kf4 69. Qcc4+ Ke5
70. Qbb5# {Black checkmated} 1-0

[Event "ICC tourney 2145 (45 10)"]
[Site "Internet Chess Club"]
[Date "2020.11.21"]
[Round "2"]
[White "M6northrup"]
[Black "WallyCleaver"]
[Result "1-0"]
[ICCResult "Black resigns"]
[WhiteElo "1621"]
[BlackElo "1314"]
[Opening "Alekhine's defense: Scandinavian variation"]
[ECO "B02"]
[NIC "AL.10"]
[Time "14:31:43"]
[TimeControl "2700+10"]

1. e4 Nf6 2. Nc3 d5 3. exd5 Nxd5 4. Nxd5 Qxd5 5. Nf3 Nc6 6. b3 Bg4 7. Bc4
Qd7 8. h3 Bh5 9. Bb2 f6 10. Qe2 e5 11. g4 Bg6 12. O-O-O O-O-O 13. Bb5 a6 14.
Bxa6 bxa6 15. Qxa6+ Kb8 16. Qb5+ Ka8 17. d4 Na7 18. Qxd7 Rxd7 19. dxe5 Rxd1+
20. Rxd1 Be7 21. Rd7 Bd8 22. exf6 gxf6 23. g5 Bf5 24. Rg7 Bxh3 25. gxf6 Rf8
26. Ng5 Bf5 27. Nxh7 Bxh7 28. Rxh7 Bxf6 29. Bxf6 Rxf6 30. Rxc7 Rxf2 31. a4
Rf8 32. Kb2 Kb8 33. Rc5 Rf6 34. b4 Rc6 35. Rxc6 Nxc6 36. c3 Kb7 37. Kb3 Kb6
38. Kc4 Na7 39. a5+ Ka6 40. Kb3 Nc6 41. Ka4 Kb7 42. b5 Ne5 43. a6+ Kb6 44.
Kb4 Nd3+ 45. Kc4 Nc5 46. Kd5 Nxa6 47. bxa6 Kxa6 48. Kc6 Ka7 49. c4 Kb8 50.
Kd7 {Black resigns} 1-0

[Event "ICC tourney 2145 (45 10)"]
[Site "Internet Chess Club"]
[Date "2020.11.21"]
[Round "2"]
[White "Abhinac123"]
[Black "lmperfectFocus"]
[Result "1-0"]
[ICCResult "Black checkmated"]
[WhiteElo "1483"]
[BlackElo "1537"]
[Opening "Queen's gambit declined"]
[ECO "D30"]
[NIC "QP.08"]
[Time "14:31:46"]
[TimeControl "2700+10"]

1. d4 d5 2. c4 e6 3. Nf3 c5 4. e3 Nc6 5. Nc3 Nf6 6. Bd3 dxc4 7. Bxc4 cxd4 8.
exd4 Bd6 9. O-O a6 10. Bg5 h6 11. Bh4 O-O 12. Re1 Re8 13. Ne5 Be7 14. Nxc6
bxc6 15. Bg3 c5 16. dxc5 Bxc5 17. Qxd8 Rxd8 18. Rad1 Bb7 19. h3 Rac8 20. Bb3
Bd4 21. Be5 Bxe5 22. Rxd8+ Rxd8 23. Rxe5 Rd2 24. Re2 Rxe2 25. Nxe2 Nd5 26.
Kf1 Kf8 27. Ke1 Nb4 28. f3 Ke7 29. Kd2 Kd6 30. Kc3 Kc5 31. Nf4 Nd5+ 32. Nxd5
Bxd5 33. Bxd5 exd5 34. Kd3 d4 35. a3 a5 36. b4+ axb4 37. axb4+ Kd5 38. b5
Kc5 39. b6 Kxb6 40. Kxd4 Kc6 41. Ke5 Kd7 42. Kf5 Ke7 43. f4 g6+ 44. Ke5 f6+
45. Kd5 Kf7 46. Kd6 g5 47. f5 h5 48. g4 Kg8 49. Ke7 Kg7 50. Ke6 hxg4 51.
hxg4 Kh7 52. Kxf6 Kh6 53. Kf7 Kh7 54. f6 Kh6 55. Ke8 Kh7 56. f7 Kg6 57. f8=Q
Kh7 58. Qc5 Kg6 59. Ke7 Kh6 60. Qd6+ Kg7 61. Qf6+ Kh7 62. Qxg5 Kh8 63. Kf7
Kh7 64. Qg7# {Black checkmated} 1-0

[Event "ICC tourney 2145 (45 10)"]
[Site "Internet Chess Club"]
[Date "2020.11.21"]
[Round "2"]
[White "shubham14"]
[Black "JudeNYC"]
[Result "0-1"]
[ICCResult "White resigns"]
[WhiteElo "1504"]
[BlackElo "1637"]
[Opening "English opening"]
[ECO "A21"]
[NIC "EO.23"]
[Time "14:33:18"]
[TimeControl "2700+10"]

1. c4 e5 2. Nc3 Bc5 3. e3 Nc6 4. g3 d6 5. Bg2 Be6 6. d3 Qd7 7. Nge2 Bg4 8.
Qb3 O-O-O 9. O-O Bh3 10. Bxh3 Qxh3 11. Rd1 Nf6 12. f3 Bb6 13. d4 exd4 14.
exd4 Rde8 15. Bg5 Qf5 16. Bxf6 Qxf6 17. Ne4 Qe7 18. Kg2 f5 19. N4c3 Na5 20.
Qb5 g6 21. b4 a6 22. Qa4 Nxc4 23. Re1 Ne3+ 24. Kh1 Qg5 25. Nf4 Bxd4
{White resigns}
0-1

[Event "ICC tourney 2145 (45 10)"]
[Site "Internet Chess Club"]
[Date "2020.11.21"]
[Round "2"]
[White "dangdang2000"]
[Black "AngelaIL203"]
[Result "0-1"]
[ICCResult "White checkmated"]
[WhiteElo "1238"]
[BlackElo "1212"]
[Opening "Giuoco Pianissimo"]
[ECO "C50"]
[NIC "IG.02"]
[Time "14:31:48"]
[TimeControl "2700+10"]

1. e4 e5 2. Nf3 Nc6 3. Bc4 Bc5 4. d3 h6 5. c3 Nf6 6. O-O O-O 7. b4 Bd6 8.
Nbd2 a6 9. a4 b6 10. Re1 Re8 11. Nf1 Bb7 12. Ng3 Ne7 13. Qb3 Rf8 14. Be3 c6
15. Qb2 Bc7 16. Rad1 d5 17. exd5 Nexd5 18. Bd2 Re8 19. Bxd5 cxd5 20. c4 d4
21. Ne4 Qd7 22. b5 Nxe4 23. dxe4 axb5 24. axb5 f5 25. Bc1 Bxe4 26. Nd2 Bb7
27. Nb3 f4 28. f3 e4 29. Rxd4 Qf5 30. fxe4 Rxe4 31. Rdxe4 Bxe4 32. Qd4 Bb7
33. c5 f3 34. c6 f2+ 35. Qxf2 Bxh2+ 36. Kf1 Qxb5+ 37. Re2 Rf8 38. Qxf8+ Kxf8
39. Nd4 Bxc6 40. Nxb5 Bxb5 41. Kf2 Bxe2 42. Kxe2 Ke7 43. Be3 b5 44. Bd4 g6
45. Kd3 Kd6 46. Kc3 Be5 47. Bxe5+ Kxe5 48. Kb4 Kf4 49. Kxb5 Kg3 50. Kc4 Kxg2
51. Kd4 h5 52. Ke4 h4 53. Kf4 h3 54. Kg5 h2 55. Kxg6 h1=Q 56. Kg5 Qh3 57.
Kf4 Qf3+ 58. Ke5 Kg3 59. Kd4 Qe2 60. Kc3 Qd1 61. Kb2 Qd3 62. Ka2 Qc3 63. Kb1
Qd2 64. Ka1 Kf3 65. Kb1 Ke3 66. Ka1 Kd3 67. Kb1 Kc3 68. Ka1 Qb2#
{White checkmated}
0-1

[Event "ICC tourney 2145 (45 10)"]
[Site "Internet Chess Club"]
[Date "2020.11.21"]
[Round "2"]
[White "adma2028"]
[Black "sam5194"]
[Result "0-1"]
[ICCResult "White checkmated"]
[WhiteElo "1419"]
[BlackElo "1627"]
[Opening "King's Indian: London system"]
[ECO "A45"]
[NIC "QP.03"]
[Time "14:31:43"]
[TimeControl "2700+10"]

1. d4 Nf6 2. Bf4 g6 3. Nf3 Bg7 4. e3 O-O 5. Nbd2 d6 6. Bd3 Nfd7 7. Bg3 e5 8.
dxe5 dxe5 9. h4 h5 10. Ng5 Nc6 11. Bxg6 fxg6 12. Ne6 Qe7 13. Nxf8 Nxf8 14.
Ne4 Be6 15. Ng5 Rd8 16. Qe2 Qb4+ 17. c3 Qg4 18. Qxg4 Bxg4 19. f3 Bc8 20. Rd1
Re8 21. Ke2 Nh7 22. Nxh7 Kxh7 23. Rd2 Re7 24. Rhd1 e4 25. Bf4 exf3+ 26. gxf3
Be6 27. a3 Bb3 28. Rg1 Ne5 29. Bxe5 Bxe5 30. Kf2 Bd6 31. Rg5 b6 32. Rd4 Rf7
33. Re4 Bc2 34. Rd4 Bf5 35. Rg1 Bg4 36. f4 Bc5 37. Re4 Rd7 38. b4 Be7 39.
Rd4 Bxh4+ 40. Kf1 Re7 41. e4 Bh3+ 42. Ke2 Bg4+ 43. Kf1 g5 44. f5 Bh3+ 45.
Ke2 Bxf5 46. Kf1 Bxe4 47. Rd2 Bb7 48. c4 Re1# {White checkmated} 0-1

[Event "ICC tourney 2145 (45 10)"]
[Site "Internet Chess Club"]
[Date "2020.11.21"]
[Round "2"]
[White "ChessHawk8"]
[Black "bsarvagnya"]
[Result "1-0"]
[ICCResult "Black resigns"]
[WhiteElo "1557"]
[BlackElo "1219"]
[Opening "Giuoco Piano"]
[ECO "C50"]
[NIC "IG.02"]
[Time "14:32:38"]
[TimeControl "2700+10"]

1. e4 e5 2. Nf3 Nc6 3. Bc4 Bc5 4. O-O Nf6 5. d3 d6 6. h3 h6 7. c3 Be6 8.
Bxe6 fxe6 9. Qb3 Qc8 10. Re1 O-O 11. Be3 Bxe3 12. Rxe3 Nh5 13. Nbd2 Nf4 14.
Nf1 Qe8 15. Ng3 Rb8 16. d4 Qg6 17. dxe5 Nxe5 18. Nxe5 dxe5 19. Rd1 h5 20. h4
Qf6 21. Rf3 Qxh4 22. Qc4 Rf7 23. Ne2 Nxe2+ 24. Qxe2 Qg4 25. Rdd3 Rbf8 26.
Rfe3 Rxf2 27. Qxf2 Rxf2 28. Kxf2 Qf4+ 29. Kg1 Kh7 30. Rh3 Qc1+ 31. Kh2 Qf4+
32. Rdg3 h4 33. Rxh4+ Qxh4+ 34. Rh3 Qxh3+ 35. Kxh3 Kg6 36. Kg4 c5 37. g3 b5
38. b3 c4 39. bxc4 bxc4 40. a4 Kh6 41. a5 a6 42. Kh4 g6 43. g4 g5+ 44. Kg3
Kg7 45. Kf3 Kf7 46. Ke2 Ke7 47. Kd2 Kd6 48. Kc2 Kc5 49. Kb2 Kb5 50. Ka3 Kxa5
51. Kb2 Kb5 52. Ka3 a5 53. Kb2 Ka4 54. Ka2 Kb5 55. Kb2 a4 56. Ka3 Ka5 57.
Kb2 a3+ 58. Kxa3 Kb5 59. Kb2 Ka4 60. Ka2 Kb5 61. Ka3 Ka5 62. Kb2 Ka4 63. Ka2
Kb5 64. Ka3 Ka5 65. Kb2 Ka4 66. Ka2 Kb5 67. Ka3 {Black resigns} 1-0

[Event "ICC tourney 2145 (45 10)"]
[Site "Internet Chess Club"]
[Date "2020.11.21"]
[Round "2"]
[White "drjava"]
[Black "Alec-hine"]
[Result "0-1"]
[ICCResult "White resigns"]
[WhiteElo "1616"]
[BlackElo "1509"]
[Opening "French: advance, Paulsen attack"]
[ECO "C02"]
[NIC "FR.03"]
[Time "14:31:41"]
[TimeControl "2700+10"]

1. e4 e6 2. d4 d5 3. e5 c5 4. c3 Nc6 5. Nf3 Qb6 6. Be2 cxd4 7. cxd4 Nge7 8.
Nc3 Nf5 9. Bb5 Bd7 10. Bxc6 Qxc6 11. a3 Qc4 12. Be3 Be7 13. Rc1 O-O 14. Ne2
Qa6 15. O-O Rac8 16. Qd2 Bb5 17. Rxc8 Rxc8 18. Re1 Bxe2 19. Qxe2 Qxe2 20.
Rxe2 Bd8 21. g4 Ne7 22. Bg5 Kf8 23. Ne1 Bb6 24. Bxe7+ Kxe7 25. Rc2 Rc4 26.
Rxc4 dxc4 27. Nc2 Kd7 28. f4 Kc6 29. Kf2 Kb5 30. Ke3 Ka4 31. Na1 c3 32. bxc3
Kxa3 33. Kd3 Kb2 34. Nc2 a5 35. f5 a4 36. fxe6 fxe6 37. c4 a3 38. d5 a2 39.
dxe6 Bd8 40. h3 Bg5 41. c5 Bd8 42. Kd2 Be7 43. Kd3 Bg5 44. e7 Bxe7 45. e6
Bxc5 46. h4 h6 47. Kd2 Be7 48. h5 Bf6 49. Kd1 Bg5 50. Na1 Kxa1 51. Kc2 b5
{White resigns}
0-1

[Event "ICC tourney 2145 (45 10)"]
[Site "Internet Chess Club"]
[Date "2020.11.21"]
[Round "2"]
[White "virajphadke"]
[Black "byumitchell"]
[Result "0-1"]
[ICCResult "White resigns"]
[WhiteElo "1551"]
[BlackElo "1491"]
[Opening "Queen's pawn: London system"]
[ECO "A45"]
[NIC "QP.07"]
[Time "14:31:48"]
[TimeControl "2700+10"]

1. d4 Nf6 2. Bf4 d5 3. e3 g6 4. Nf3 Bg7 5. c3 Bf5 6. Nbd2 a6 7. Qb3 b5 8. a4
c6 9. axb5 cxb5 10. Bxb5+ Nbd7 11. Be2 O-O 12. O-O Qc8 13. h3 Qc6 14. Ra3
Ne4 15. Rfa1 Nxd2 16. Nxd2 e5 17. Rxa6 Rxa6 18. Rxa6 Qc7 19. Bg3 Be6 20. Bf3
Rb8 21. Qa2 Rb5 22. Ra8+ Bf8 23. Be2 Rb6 24. Nb1 Qb7 25. b4 exd4 26. exd4
Qc6 27. b5 Rxb5 28. Bxb5 Qxb5 29. Bd6 Qd3 30. Qb2 Qd1+ 31. Kh2 Kg7 32. Bxf8+
Nxf8 33. Nd2 Qe1 34. Nf3 Qf1 35. Ng5 Bf5 36. Ra7 Nd7 37. Qd2 h6 38. Nf3 Qb5
39. Ra1 Nf6 40. Ne5 Qb8 41. Re1 Ne4 42. Qe3 f6 43. f3 Ng5 44. f4 Ne4 45. Nf3
g5 46. g3 gxf4 47. gxf4 Qb2+ 48. Re2 Qb1 49. Qg1+ Qxg1+ 50. Kxg1 Nxc3 51.
Rc2 Bxc2 52. Kf2 Nb5 53. h4 Bf5 54. Ke3 Kf7 55. Nd2 Kg6 56. Nf3 Bg4 57. Nh2
Kh5 58. Nf1 Kxh4 59. Nd2 h5 60. Nf1 Kh3 61. Nd2 h4 62. Nb3 Kg3 63. Nc5 h3
64. Nd3 h2 65. Nf2 Nxd4 66. Nxg4 Kxg4 67. Kf2 h1=Q {White resigns} 0-1

[Event "ICC tourney 2145 (45 10)"]
[Site "Internet Chess Club"]
[Date "2020.11.21"]
[Round "2"]
[White "i3izarre"]
[Black "Mannansh"]
[Result "0-1"]
[ICCResult "White resigns"]
[WhiteElo "1287"]
[BlackElo "1199"]
[Opening "English opening"]
[ECO "A20"]
[NIC "EO.24"]
[Time "14:32:00"]
[TimeControl "2700+10"]

1. c4 e5 2. g3 Nf6 3. Bg2 Bc5 4. d3 O-O 5. Bg5 h6 6. Bd2 c6 7. Nf3 Re8 8.
O-O Qb6 9. Qc2 e4 10. d4 Bxd4 11. Nxd4 Qxd4 12. Be3 Qe5 13. Nc3 Qe6 14. b3
Ng4 15. Qxe4 Nxe3 16. fxe3 Na6 17. Qxe6 Rxe6 18. e4 b6 19. Rad1 Re7 20. Rd6
Bb7 21. Rf4 Nc7 22. e5 Ne6 23. Rf5 g6 24. Rf1 Nf8 25. Ne4 Rd8 26. Nf6+ Kg7
27. Ng4 h5 28. Nf6 Rxe5 29. Bh3 Rxe2 30. Rfd1 Bc8 31. Nxd7 Nxd7 32. Rxc6
Rxa2 33. Rc7 a5 34. Bxd7 Rxd7 35. Rdxd7 Bxd7 36. Rxd7 Ra3 37. Rd3 a4 38. Rd2
Rxb3 39. Ra2 Rb4 40. Kf2 Rxc4 41. Ke3 b5 42. Kd3 Rc6 43. Rb2 Rb6 44. Kd4 Kf6
45. Kc5 Rb8 46. Kb4 Kg5 47. Rd2 f6 48. h3 Kf5 49. Rd5+ Ke4 50. Rd6 Ke5 51.
Rc6 g5 52. Rc5+ Kd6 53. Rc3 Kd5 54. Rc5+ Ke4 55. Rc6 f5 56. Rc3 g4 57. hxg4
hxg4 58. Ra3 f4 59. gxf4 Kxf4 60. Rd3 g3 61. Rd7 Kf3 62. Rf7+ Kg2 63. Rf6
Kg1 64. Rf5 g2 65. Rf4 Kh2 66. Rh4+ Kg3 67. Rh7 g1=Q 68. Rg7+ Kf2 69. Rxg1
Kxg1 {White resigns} 0-1

[Event "ICC tourney 2145 (45 10)"]
[Site "Internet Chess Club"]
[Date "2020.11.21"]
[Round "3"]
[White "mrneale"]
[Black "UltimateDL"]
[Result "0-1"]
[ICCResult "White resigns"]
[WhiteElo "1569"]
[BlackElo "1501"]
[Opening "Queen's bishop game"]
[ECO "D02"]
[NIC "QP.08"]
[Time "17:02:26"]
[TimeControl "2700+10"]

1. d4 d5 2. Nf3 Nf6 3. Bf4 e6 4. e3 Bd7 5. Ne5 c5 6. c3 Nc6 7. Nxd7 Qxd7 8.
Bd3 cxd4 9. exd4 Bd6 10. Bg5 h6 11. Bxf6 gxf6 12. Nd2 Rg8 13. g3 O-O-O 14.
Qa4 e5 15. dxe5 fxe5 16. Bb5 Kc7 17. Bxc6 Qxc6 18. Qxa7 d4 19. Qa5+ Kd7 20.
O-O-O Ra8 21. Qxa8 Rxa8 22. c4 Rxa2 23. Kb1 Qa4 24. b3 Ra1+ 25. Kc2 Qa2+ 26.
Kd3 Rxd1 27. Rxd1 Bb4 28. g4 Bxd2 29. Rxd2 e4+ 30. Ke2 Qxb3 31. Rxd4+ Kc6
32. Rxe4 Qc2+ 33. Kf3 Qd3+ 34. Kf4 Qd6+ 35. Re5 f6 {White resigns} 0-1

[Event "ICC tourney 2145 (45 10)"]
[Site "Internet Chess Club"]
[Date "2020.11.21"]
[Round "3"]
[White "Fredzhang"]
[Black "rpodder1"]
[Result "1/2-1/2"]
[ICCResult "Game drawn by mutual agreement"]
[WhiteElo "1147"]
[BlackElo "1540"]
[Opening "QGD: 4.Nf3"]
[ECO "D37"]
[NIC "QO.16"]
[Time "17:02:23"]
[TimeControl "2700+10"]

1. d4 d5 2. c4 e6 3. Nc3 Nf6 4. Nf3 Bd6 5. c5 Be7 6. Bg5 c6 7. Bxf6 Bxf6 8.
e3 b6 9. cxb6 Qxb6 10. Qd2 Nd7 11. Na4 Qc7 12. Bd3 Rb8 13. Rb1 O-O 14. O-O
Nb6 15. Nc5 Nd7 16. Nxd7 Bxd7 17. b3 Be7 18. Rfc1 Ba3 19. Rd1 f6 20. Qc2 h6
21. Bh7+ Kh8 22. Bg6 f5 23. Ne5 Kg8 24. f4 Bd6 25. Nxd7 Qxd7 26. Bh5 Rfc8
27. Be2 c5 28. Qd2 Rc7 29. Rbc1 Rbc8 30. Ba6 Rb8 31. Qd3 Rb6 32. a4 c4 33.
bxc4 Rxa6 34. c5 Bxf4 35. exf4 Rxa4 36. Ra1 Rc4 37. Rac1 Qa4 38. Qe2 Rxd4
39. Qxe6+ Kh8 40. Rf1 Rxf4 41. Qxd5 Qd4+ 42. Qxd4 Rxd4 43. Rxf5 a5 44. Rf8+
Kh7 45. Ra8 a4 46. Ra1 Rxc5 47. R8xa4 Rd2 48. R4a2 Rcc2 49. Rxc2 Rxc2 50. h3
Rb2 51. Ra6 Rb1+ 52. Kh2 Rb3 53. h4 h5 54. g3 g6
{Game drawn by mutual agreement}
1/2-1/2

[Event "ICC tourney 2145 (45 10)"]
[Site "Internet Chess Club"]
[Date "2020.11.21"]
[Round "3"]
[White "lmperfectFocus"]
[Black "adma2028"]
[Result "0-1"]
[ICCResult "White checkmated"]
[WhiteElo "1535"]
[BlackElo "1443"]
[Opening "Scotch gambit: Anderssen (Paulsen, Suhle) counter-attack"]
[ECO "C44"]
[NIC "SO.06"]
[Time "17:02:24"]
[TimeControl "2700+10"]

1. e4 e5 2. Nf3 Nc6 3. d4 exd4 4. Bc4 Bc5 5. O-O d6 6. c3 Bg4 7. Bxf7+ Kf8
8. h3 Bxf3 9. Qxf3 Ne5 10. Qd1 Nxf7 11. cxd4 Bb6 12. f4 Qf6 13. Be3 Ne7 14.
e5 Qg6 15. Qf3 Nf5 16. g4 Nxe3 17. Qxe3 h5 18. f5 Qg5 19. Qe4 hxg4 20. Rf4
gxh3+ 21. Rg4 Qc1+ 22. Kh2 Qxb2+ 23. Kh1 Qxa1 24. e6 Qxd4 25. Qf3 Qf2 26.
Qxb7 Re8 27. Qc6 Ne5 28. Qd7 Qf3+ 29. Kh2 Nxg4# {White checkmated} 0-1

[Event "ICC tourney 2145 (45 10)"]
[Site "Internet Chess Club"]
[Date "2020.11.21"]
[Round "3"]
[White "AngelaIL203"]
[Black "jjplaman"]
[Result "1-0"]
[ICCResult "Black resigns"]
[WhiteElo "1218"]
[BlackElo "1384"]
[Opening "Caro-Kann: exchange variation"]
[ECO "B13"]
[NIC "CK.02"]
[Time "17:02:22"]
[TimeControl "2700+10"]

1. e4 c6 2. d4 d5 3. exd5 cxd5 4. Nf3 Nc6 5. c4 Nf6 6. Bd3 Bg4 7. h3 Bxf3 8.
gxf3 dxc4 9. Bxc4 Qxd4 10. Qxd4 Nxd4 11. Be3 Nc2+ 12. Kd2 Nxa1 13. Nc3 Rd8+
14. Bd3 Nd7 15. f4 e6 16. Rxa1 Nc5 17. Bxc5 Bxc5 18. Ke2 O-O 19. Rg1 Rd4 20.
Ne4 Bb6 21. Nf6+ Kh8 22. Nxh7 Rxd3 23. Nxf8 Rd4 24. Rd1 Rxf4 25. f3 Rd4 26.
Rxd4 Bxd4 27. b3 Kg8 28. Nd7 b6 29. Kd3 Bc5 30. Nxc5 bxc5 31. Kc4 Kf8 32.
Kxc5 Ke8 33. Kc6 Kd8 34. Kb7 Kd7 35. Kxa7 Kc7 36. b4 e5 37. b5 f5 38. b6+
Kc6 39. b7 e4 40. b8=Q exf3 41. Qc8+ Kd6 42. Qxf5 f2 43. Qxf2 {Black
resigns} 1-0

[Event "ICC tourney 2145 (45 10)"]
[Site "Internet Chess Club"]
[Date "2020.11.21"]
[Round "3"]
[White "smartgoldfish"]
[Black "ElijahL2020"]
[Result "1-0"]
[ICCResult "Black resigns"]
[WhiteElo "1237"]
[BlackElo "1317"]
[Opening "Ruy Lopez: Steinitz defense deferred (Russian defense)"]
[ECO "C90"]
[NIC "RL.19"]
[Time "17:02:20"]
[TimeControl "2700+10"]

1. e4 e5 2. Nf3 Nc6 3. Bb5 a6 4. Ba4 Nf6 5. O-O d6 6. Re1 b5 7. Bb3 Be7 8.
h3 Bd7 9. c3 O-O 10. d3 a5 11. Nbd2 a4 12. Bc2 Qc8 13. Kh2 Bd8 14. Nf1 Ne7
15. Nh4 Ng6 16. Nf3 c5 17. Ng3 Bb6 18. Be3 d5 19. Bg5 d4 20. Bxf6 gxf6 21.
Qd2 Nf4 22. Nh4 Bxh3 23. Nhf5 Bxg2 24. Ne7+ Kh8 25. Nxc8 Raxc8 26. Nf5 Rg8
27. Ne7 Rg5 28. Bd1 Re8 29. Nf5 Reg8 30. Ng3 R8g6 31. Kg1 Rh6 32. Rc1 Rh1+
33. Nxh1 Nh3+ 34. Kh2 Nf4 35. Ng3 h5 36. Nxh5 Bh3 37. Nxf4 exf4 38. Kxh3
{Black resigns}
1-0

[Event "ICC tourney 2145 (45 10)"]
[Site "Internet Chess Club"]
[Date "2020.11.21"]
[Round "3"]
[White "Mannansh"]
[Black "ChessHawk8"]
[Result "1-0"]
[ICCResult "Black checkmated"]
[WhiteElo "1222"]
[BlackElo "1518"]
[Opening "Sicilian: Smith-Morra gambit"]
[ECO "B21"]
[NIC "SI.48"]
[Time "17:02:29"]
[TimeControl "2700+10"]

1. e4 c5 2. d4 cxd4 3. c3 dxc3 4. Nxc3 Nc6 5. Bc4 e6 6. Nf3 g6 7. O-O Bg7 8.
Bf4 Nge7 9. Nb5 e5 10. Nd6+ Kf8 11. Nxf7 Qc7 12. Bg3 Nd8 13. N3xe5 Bxe5 14.
Nxe5 d6 15. Qf3+ Kg7 16. Qc3 Kf8 17. Nd7+ Qxd7 18. Qxh8+ Ng8 19. Qxg8+ Ke7
20. Bh4+ g5 21. Bxg5# {Black checkmated} 1-0

[Event "ICC tourney 2145 (45 10)"]
[Site "Internet Chess Club"]
[Date "2020.11.21"]
[Round "3"]
[White "mutantpenguin"]
[Black "shubham14"]
[Result "1-0"]
[ICCResult "Black resigns"]
[WhiteElo "1369"]
[BlackElo "1483"]
[Opening "Sicilian"]
[ECO "B50"]
[NIC "SI.01"]
[Time "17:02:54"]
[TimeControl "2700+10"]

1. e4 c5 2. Nf3 d6 3. Be2 Nf6 4. c3 Nxe4 5. Qa4+ Bd7 6. Qxe4 Nc6 7. O-O g6
8. d4 cxd4 9. Nxd4 Bg7 10. Nxc6 Bxc6 11. Qc2 O-O 12. Be3 Qd7 13. Nd2 Rac8
14. Bxa7 b5 15. Be3 b4 16. Qd1 bxc3 17. bxc3 Bxc3 18. Rc1 Ba4 19. Nb3 Be5
20. Rxc8 Rxc8 21. f4 Bg7 22. Bd4 e5 23. fxe5 dxe5 24. Bf2 Qe6 25. Re1 Bh6
26. Qd3 e4 27. Qh3 Qxh3 28. gxh3 e3 29. Bg3 f5 30. Be5 Rc2 31. Nd4 Rxa2 32.
Bc4+ {Black resigns} 1-0

[Event "ICC tourney 2145 (45 10)"]
[Site "Internet Chess Club"]
[Date "2020.11.21"]
[Round "3"]
[White "handsomematch"]
[Black "jojoraman"]
[Result "1/2-1/2"]
[ICCResult "Game drawn by mutual agreement"]
[WhiteElo "1228"]
[BlackElo "1354"]
[Opening "Ruy Lopez: Archangelsk (counterthrust) variation"]
[ECO "C78"]
[NIC "RL.12"]
[Time "17:02:21"]
[TimeControl "2700+10"]

1. e4 e5 2. Nf3 Nc6 3. Bb5 a6 4. Ba4 Nf6 5. O-O b5 6. Bb3 Bb7 7. c3 Be7 8.
Re1 O-O 9. d4 d6 10. Nbd2 exd4 11. cxd4 Nd7 12. Nf1 Bf6 13. Ng3 Re8 14. Bc2
Nb4 15. Nf5 Nxc2 16. Qxc2 Kh8 17. Bf4 Nb6 18. Re3 Nc4 19. Re2 Ra7 20. b3 Na5
21. Rae1 Nc6 22. Re3 g6 23. Ng3 Nxd4 24. Nxd4 Bxd4 25. Rf3 Bg7 26. Be3 Ra8
27. Rxf7 Rc8 28. Bd2 Rf8 29. Rxf8+ Qxf8 30. Re3 Qe7 31. Qd3 Bh6 32. Bc3+ Bg7
33. Bd2 Bh6 34. Qd4+ Qe5 35. Qxe5+ dxe5 36. Rd3 Bxd2 37. Rxd2 Bc6 38. f3 Kg7
39. Rc2 Bb7 40. Rc5 Kf6 41. Kf2 Ke6 42. Ke3 Kd6 43. b4 c6 44. Ne2 a5 45. a3
axb4 46. axb4 Ra8 47. Nc1 Ra3+ 48. Ke2 Ra1 49. Kf2 Rb1 50. Nd3 Rb3 51. Ke3
Bc8 52. Rxe5 Rxd3+ 53. Kxd3 Kxe5 54. g3 g5 55. Kc3 Bh3 56. Kd3 Bg2 57. Ke3
Kd6 58. f4 gxf4+ 59. gxf4 Bh3 60. Kd4 Bg4 61. f5 Bh5 62. e5+ Kd7 63. h3 Bf7
64. Kc5 Bd5 65. e6+ Ke7 66. Kb6 {Game drawn by mutual agreement} 1/2-1/2

[Event "ICC tourney 2145 (45 10)"]
[Site "Internet Chess Club"]
[Date "2020.11.21"]
[Round "3"]
[White "dangdang2000"]
[Black "i3izarre"]
[Result "0-1"]
[ICCResult "White checkmated"]
[WhiteElo "1256"]
[BlackElo "1493"]
[Opening "Giuoco Pianissimo"]
[ECO "C50"]
[NIC "IG.02"]
[Time "17:02:25"]
[TimeControl "2700+10"]

1. e4 e5 2. Nf3 Nc6 3. Bc4 Bc5 4. d3 Nf6 5. O-O h6 6. c3 d5 7. exd5 Nxd5 8.
d4 Bb6 9. dxe5 Be6 10. Re1 O-O 11. Bb3 Nde7 12. Nbd2 Ng6 13. Qc2 Qe7 14. Nc4
Bxc4 15. Bxc4 Qc5 16. b3 Ncxe5 17. Nxe5 Nxe5 18. Be3 Qc6 19. Bxb6 Nxc4 20.
Bd4 Nd6 21. Rad1 b6 22. c4 Rad8 23. Qc3 Nf5 24. Re2 Qg6 25. h3 c5 26. Red2
cxd4 27. Qc2 Nh4 28. Qxg6 Nxg6 29. Rxd4 Rxd4 30. Rxd4 Ra8 31. a4 f6 32. Rd7
Kf8 33. g3 Ne7 34. b4 Ke8 35. Rd3 Rc8 36. Rc3 Kd7 37. c5 bxc5 38. bxc5 Kc6
39. Rd3 Rc7 40. Rc3 Nd5 41. Rc2 Nb4 42. Rc4 Na6 43. Kf1 Nxc5 44. Ke2 Kb6 45.
Ke3 Re7+ 46. Kd4 Rd7+ 47. Kc3 Ne6 48. f4 Ka5 49. Rc6 Rc7 50. Rxc7 Nxc7 51.
Kb3 Nd5 52. f5 Ne3 53. g4 Nd5 54. Ka3 Nf4 55. h4 Ng2 56. h5 Ne3 57. Kb3 Nxg4
58. Ka3 Ne3 59. Kb3 Nxf5 60. Ka3 Ng3 61. Kb3 f5 62. Kc4 Kxa4 63. Kc3 a5 64.
Kb2 f4 65. Ka2 f3 66. Kb2 f2 67. Ka2 f1=Q 68. Kb2 Qe1 69. Ka2 Qe2+ 70. Kb1
Kb3 71. Ka1 Qa2# {White checkmated} 0-1

[Event "ICC tourney 2145 (45 10)"]
[Site "Internet Chess Club"]
[Date "2020.11.21"]
[Round "3"]
[White "sam5194"]
[Black "Abhinac123"]
[Result "0-1"]
[ICCResult "White checkmated"]
[WhiteElo "1493"]
[BlackElo "1468"]
[Opening "Scotch game"]
[ECO "C45"]
[NIC "SO.05"]
[Time "17:02:20"]
[TimeControl "2700+10"]

1. e4 e5 2. Nf3 Nc6 3. d4 exd4 4. Nxd4 Bc5 5. Nxc6 Qf6 6. Qf3 Qxf3 7. gxf3
dxc6 8. Nc3 Ne7 9. Bc4 Bd7 10. Ke2 f6 11. Be3 Bb6 12. h4 O-O-O 13. Na4 Bxe3
14. fxe3 b5 15. Bb3 bxa4 16. Bxa4 c5 17. Bb3 Bb5+ 18. c4 Bc6 19. h5 g6 20.
hxg6 hxg6 21. Bc2 g5 22. Rag1 Bd7 23. Rxh8 Rxh8 24. Kf2 Rh2+ 25. Rg2 Rxg2+
26. Kxg2 f5 27. exf5 Nxf5 28. Kf2 Kd8 29. a3 a5 30. b3 Ke7 31. Bd1 Kf6 32.
Ke2 Ke5 33. Bc2 Bc6 34. Bd1 Nh4 35. f4+ gxf4 36. exf4+ Kxf4 37. Kd3 Bf3 38.
b4 Bxd1 39. bxa5 Bf3 40. Kc3 Ke5 41. Kb3 Kd6 42. Ka4 Kc6 43. a6 Kb6 44. a7
Nf5 45. Kb3 Kxa7 46. Ka4 Kb6 47. Kb3 Bd1+ 48. Kc3 Nd6 49. a4 Bxa4 50. Kd3
Bb3 51. Kc3 Bxc4 52. Kc2 Bg8 53. Kc3 Kb5 54. Kc2 Kb4 55. Kc1 c4 56. Kc2 c3
57. Kc1 Kb3 58. Kb1 Bh7+ 59. Kc1 c2 60. Kd2 Kb2 61. Ke2 c1=Q 62. Kf2 Qc3 63.
Kg1 Qd2 64. Kf1 Bd3+ 65. Kg1 Qe2 66. Kh1 Be4+ 67. Kg1 Qg2# {White
checkmated} 0-1